 Dungeon Crawl Stone Soup version 0.19.4 (console) character file.

70 shpingle the Slasher (level 4, -4/31 HPs)
             Began as a High Elf Chaos Knight on Feb 4, 2017.
             Slain by a hobgoblin (5 damage)
             ... led by Robin
             ... on level 2 of the Dungeon.
             The game lasted 00:04:09 (975 turns).

shpingle the Slasher (High Elf Chaos Knight)         Turns: 975, Time: 00:04:10

Health: -4/31      AC:  5    Str: 14    XL:     4   Next: 4%
Magic:  5/5        EV: 13    Int: 16    God:    Xom [*.....]
Gold:   60         SH:  0    Dex: 12    Spells: 0 memorised, 3 levels left

rFire  . . .     SeeInvis .     a - +0 falchion (chaos)
rCold  . . .     Gourm    .     b - +2 leather armour
rNeg   . . .     Faith    .     (no shield)
rPois  .         Spirit   .     (no helmet)
rElec  .         Reflect  .     (no cloak)
rCorr  .         Harm     .     (no gloves)
MR     .....     Rnd*Rage +     (no boots)
Stlth  +.........               (no amulet)
                                (no ring)
                                m - +2 ring of strength

@: very slightly contaminated, invisible
A: berserk 1, blurry vision 1, clumsy 1, MP-powered wands
a: Renounce Religion


You were on level 2 of the Dungeon.
You worshipped Xom.
You were a special plaything of Xom.
You were not hungry.

You visited 1 branch of the dungeon, and saw 2 of its levels.

You collected 60 gold pieces.

Inventory:

Hand Weapons
 a - a +0 falchion of chaos (weapon)
Missiles
 g - 79 stones (quivered)
 h - 40 arrows
Armour
 b - a +2 leather armour (worn)
Jewellery
 m - a +2 ring of strength (left hand)
Scrolls
 k - a scroll of enchant weapon {unknown}
 p - a scroll of fear {unknown}
 q - a scroll of teleportation {unknown}
Potions
 o - a potion of berserk rage {unknown}
Comestibles
 c - 3 bread rations
 n - a chunk of flesh
 r - a beef jerky


   Skills:
 - Level 3.0 Fighting
 * Level 4.3 Long Blades
 + Level 1.5 Armour
 * Level 3.5 Dodging
 + Level 1.2 Stealth


You had 3 spell levels left.
You didn't know any spells.

Dungeon Overview and Level Annotations

Branches:
Dungeon (2/15)

Altars:
Xom

Annotations:
D:2 Robin


Innate Abilities, Weirdness & Mutations

You tend to lose your temper in combat.
Scrolls take you a little longer to read.
You are clumsy. (Dex -2)
You expend magic power (3 MP) to strengthen your wands.


Message History

Robin roars a battlecry!
The hobgoblin goes into a battle-frenzy!
The goblin misses you.
You riposte.
You hit the goblin but do no damage. The goblin closely misses you.
You riposte.
You hit the goblin.
The goblin is severely wounded.
The hobgoblin barely misses you.
You catch the helpless goblin completely off-guard!
You hit the goblin.
You kill the goblin!
The goblin hits you but does no damage. The goblin hits you.
* * * LOW HITPOINT WARNING * * *
You emit a cloud of colourful smoke!
The hobgoblin closely misses you.
You feel yourself speed up.
You see here a goblin corpse.
Okay, then.
You hit the goblin.
You kill the goblin!
The hobgoblin hits you.
You die... █████████

█.......█ █..███..█
█....█.§█████████
█..█...@gg§.....█
█......§██§████.█
█..████.█.gw█
█████.......█.gggg
█.....█.█████.gg█.█
█.████.██ ██......
█.█
████████████.███ ██
███.███ █.....█ .
.███.....███.....█


w You could see 2 hobgoblins.

Vanquished Creatures
  Natasha (D:2)
  2 adders (D:2)
  A leopard gecko (D:2)
  2 bats (D:1)
  6 goblins
  A hobgoblin (D:2)
  4 kobolds
  5 frilled lizards
  6 rats
28 creatures vanquished.

Notes
Turn   | Place    | Note
-------+----------+-------------------------------------------
     0 | D:1      | shpingle the High Elf Chaos Knight began the quest for the Orb.
     0 | D:1      | Reached XP level 1. HP: 16/16 MP: 2/2
   136 | D:1      | XOM: harmless Erth miscast
   364 | D:1      | Reached XP level 2. HP: 21/21 MP: 3/3
   392 | D:1      | XOM: scenery: create altars
   471 | D:1      | Reached skill level 3 in Dodging
   661 | D:1      | XOM: give mutations
   661 | D:1      | Gained mutation: You expend magic power (3 MP) to strengthen your wands. [Xom's mischief]
   661 | D:1      | Gained mutation: You are clumsy. (Dex -2) [Xom's mischief]
   661 | D:1      | Gained mutation: You tend to lose your temper in combat. [Xom's mischief]
   661 | D:1      | Gained mutation: Scrolls take you a little longer to read. [Xom's mischief]
   757 | D:2      | Reached skill level 4 in Long Blades
   833 | D:2      | Reached XP level 3. HP: 26/26 MP: 4/4
   954 | D:2      | Noticed Natasha
   964 | D:2      | Noticed Robin
   969 | D:2      | Killed Natasha
   969 | D:2      | Reached XP level 4. HP: 11/31 MP: 5/5
   972 | D:2      | HP: 1/31 [goblin[Robin] (5)]
   972 | D:2      | XOM: smoke on damage
   975 | D:2      | Slain by a hobgoblin

Skill      XL: |  1  2  3 |
---------------+----------+-----
Dodging        | 3 |  3.5
Armour         | 1 |  1.5
Long Blades    | 4 |  4.3
Stealth        | 1 |  1.2
Fighting       | |  3.0

Action                   |  1- 3 |  4- 6 || total
-------------------------+-------+-------++-------
Melee: Falchion          |    65 |     3 ||    68
  Use: Scroll            |     2 |       ||     2
       Potion            |     1 |     1 ||     2
 Stab: Sleeping          |     1 |       ||     1
       Invisible         |       |     1 ||     1
Armor: Leather armour    |    21 |     3 ||    24
Dodge: Dodged            |    39 |     9 ||    48
       Rpst.: Falchion   |    16 |     4 ||    20
